 Dungeon Crawl Stone Soup version 0.30.0-29-ga12c61a403 (webtiles) character file.

Game seed: 13970718616353644632

347 DemonSlayer the Digger (level 6, -4/41 HPs)
             Began as a Demonspawn Earth Elementalist on June 22, 2023.
             Slain by a gnoll
             ... wielding a +0 flail
             ... led by a gnoll bouda
              (10 damage)
             ... on level 5 of the Dungeon.
             The game lasted 00:06:19 (3576 turns).

DemonSlayer the Digger (DsEE)                       Turns: 3576, Time: 00:06:20

Health: -4/41      AC:  3    Str:  8    XL:     6   Next: 33%
Magic:  4/12       EV: 15    Int: 18    God:
Gold:   231        SH:  0    Dex: 14    Spells: 0/13 levels left

rFire   . . .        h - +0 dagger
rCold   + . .        (no shield)
rNeg    . . .        a - +0 robe
rPois   .            (helmet restricted)
rElec   .            g - +0 cloak
rCorr   .            (no gloves)
SInv    .            (no boots)
Will    .....        (no amulet)
Stlth   ++           j - ring of protection from cold
HPRegen 0.26/turn    (no ring)
MPRegen 0.13/turn

%: no passive effects
@: very slightly contaminated
A: horns 1, repulsion field 2, foul stench 1
a: no special abilities


You were on level 5 of the Dungeon.
You visited 1 branch of the dungeon, and saw 5 of its levels.

You collected 231 gold pieces.

Inventory:

Hand Weapons
 h - a +0 dagger (weapon)
Armour
 a - a +0 robe (worn)
 g - a +0 cloak (worn)
Jewellery
 j - a ring of protection from cold (left hand)
 r - a ring of resist corrosion
Scrolls
 c - 3 scrolls of immolation
 i - a scroll of blinking {unknown}
 l - a scroll of noise {unknown}
 m - a scroll of amnesia {unknown}
 o - a scroll of fog {unknown}
 p - a scroll of brand weapon {unknown}
 q - a scroll of fear {unknown}
 s - a scroll of enchant armour {unknown}
Potions
 b - a potion of magic
 d - a potion of curing {unknown}
 e - 2 potions of might
 f - a potion of berserk rage
 k - 2 potions of flight {unknown}
 n - 2 potions of lignification {unknown}
 t - a potion of heal wounds {unknown}


   Skills:
 + Level 0.3 Fighting
 + Level 0.3 Short Blades
 + Level 2.2 Dodging
 + Level 2.4 Stealth
 + Level 4.2 Spellcasting
 + Level 0.8 Transmutations
 + Level 4.7 Earth Magic


You couldn't memorise any spells.
You knew the following spells:

 Your Spells              Type           Power      Damage    Failure   Level
a - Sandblast             Erth           40%        2d10      1%          1
b - Passwall              Tmut/Erth      10%        N/A       7%          2
c - Stone Arrow           Conj/Erth      24%        3d8       16%         3
d - Swiftness             Air            3%         N/A       41%         3
e - Petrify               Tmut/Erth      13%        N/A       41%         4

Your spell library contained the following spells:

 Spells                   Type           Power      Damage    Failure   Level
 Summon Small Mammal      Summ           12%        N/A       14%         1
 Wereblood                Tmut           6%         N/A       16%         2
 Ensorcelled Hibernation  Hex/Ice        6%         N/A       22%         2
 Sublimation of Blood     Necr           3%         N/A       22%         2
 Call Canine Familiar     Summ           3%         N/A       41%         3
 Summon Guardian Golem    Hex/Summ       3%         N/A       41%         3
 Orb of Destruction       Conj           1%         9d5       100%        7
 Spellforged Servitor     Conj/Summ      1%         N/A       100%        7
 Summon Hydra             Summ           1%         N/A       100%        7


Dungeon Overview and Level Annotations

Branches:
Dungeon (5/15)
 Temple: D:4-7

Altars:

Annotations:
D:3 Terence
D:4 2 transporters, Dadbod's ghost, amateur AtBr


Innate Abilities, Weirdness & Mutations

You have a pair of small horns on your head.
You are surrounded by a moderate repulsion field. (EV +3)
You may rarely emit foul miasma when damaged in melee.


Message History

Press: ? - help, Shift-Dir - straight line, f/p - centaur
Aim: a centaur (severely wounded, 90% to hit)
The blast of sand hits the centaur.
The centaur is severely wounded.
The centaur misses you. The centaur kicks you.
* * * LOW HITPOINT WARNING * * *
The centaur hits you but does no damage.
The centaur closely misses you. The centaur barely misses you.
The centaur kicks you but does no damage.
Casting: Sandblast (safe; 1% risk of failure)
Confirm with . or Enter, or press ? or * to list all spells.
Aiming: Sandblast (safe; 1% risk of failure)
Press: ? - help, Shift-Dir - straight line, f/p - centaur
Aim: a centaur (severely wounded, 90% to hit)
You miscast Sandblast.
You are very lightly contaminated with residual magic.
Nothing appears to happen.
The centaur barely misses you. The centaur completely misses you.
Casting: Sandblast (safe; 1% risk of failure)
Confirm with . or Enter, or press ? or * to list all spells.
Aiming: Sandblast (safe; 1% risk of failure)
Press: ? - help, Shift-Dir - straight line, f/p - centaur
Aim: a centaur (severely wounded, 90% to hit)
The blast of sand misses the centaur.
The centaur barely misses you. x2
The centaur misses you. The centaur kicks you.
* * * LOW HITPOINT WARNING * * *
Unknown command.
Casting: Sandblast (safe; 1% risk of failure)
Confirm with . or Enter, or press ? or * to list all spells.
Aiming: Sandblast (safe; 1% risk of failure)
Press: ? - help, Shift-Dir - straight line, f/p - centaur
Aim: a centaur (severely wounded, 90% to hit)
The blast of sand hits the centaur but does no damage.
The centaur is severely wounded.
The centaur barely misses you. The centaur kicks you.
* * * LOW HITPOINT WARNING * * *
The centaur misses you.
The centaur kicks you but does no damage.
The gnoll hits you with a +0 flail!
You die...

.# # ###.###
#.#.....#
.#.#.#.# .. ##
......# #. .#
#cg.# #. .#
#@..# #.##
.####..#####
..#............#
#.##.#########.#
#.###.#<.).....
#.#
#........##.#..
#.# #..##.#..#
#.# #.#
#...†....# ...
#.# #.....#.#.##
#.####.#


You could see a centaur and a gnoll.

Vanquished Creatures
  A scorpion (D:5)
  An orc priest (D:4)
  2 sleepcaps (D:4)
  A hound (D:4)
  2 orc wizards (D:4)
  5 adders
  An ufetubus (D:4)
  7 orcs (D:4)
  6 ball pythons
  6 bats
  4 endoplasms
  6 giant cockroaches
  6 goblins
  5 hobgoblins
  11 kobolds
  2 quokkas
  5 frilled lizards
  3 rats
74 creatures vanquished.

Notes
Turn   | Place    | Note
-------+----------+-------------------------------------------
     0 | D:1      | DemonSlayer the Demonspawn Earth Elementalist began the
                  | quest for the Orb.
     0 | D:1      | Reached XP level 1. HP: 13/13 MP: 3/3
   202 | D:1      | Found a faded altar of an unknown god.
   420 | D:1      | Gained mutation: You have a pair of small horns on your
                  | head. [demonic ancestry]
   420 | D:1      | Reached XP level 2. HP: 19/19 MP: 1/5
  1115 | D:1      | You fall into a shaft and drop 1 floor!
  1219 | D:2      | Gained mutation: You are surrounded by a mild repulsion
                  | field. (EV +2) [demonic ancestry]
  1219 | D:2      | Reached XP level 3. HP: 24/24 MP: 6/6
  1931 | D:1      | Learned a level 2 spell: Passwall
  1935 | D:1      | Learned a level 3 spell: Stone Arrow
  2116 | D:3      | Noticed Terence
  2119 | D:3      | Reached XP level 4. HP: 30/30 MP: 6/8
  2460 | D:4      | Noticed Dadbod's ghost (amateur AtBr)
  2460 | D:4      | Noticed a scorpion
  2461 | D:4      | Found a transporter.
  2508 | D:4      | Gained mutation: You are surrounded by a moderate repulsion
                  | field. (EV +3) [demonic ancestry]
  2508 | D:4      | Reached XP level 5. HP: 35/35 MP: 6/10
  2570 | D:4      | Found a transporter.
  3076 | D:4      | Gained mutation: You may rarely emit foul miasma when
                  | damaged in melee. [demonic ancestry]
  3076 | D:4      | Reached XP level 6. HP: 10/41 MP: 5/12
  3445 | D:4      | Learned a level 3 spell: Swiftness
  3450 | D:4      | Learned a level 4 spell: Petrify
  3487 | D:5      | Entered Level 5 of the Dungeon
  3576 | D:5      | Slain by a gnoll

Illustrated notes

Levels and vault maps discovered:
D:1:      moated_graveyard_arrival, layout_basic,
          shapermc_ecumenical_altar_starsandcircs, item_on_display_a
D:2:      layout_rooms, lexackson_kobold_supper
D:3:      layout_rooms, gammafunk_temple_overflow_statue,
          minmay_misc_feat_columns, roderic_filled_cross, uniq_sigmund,
          uniq_terence, uniq_grinder
D:4:      layout_basic, gammafunk_ghost_arena
D:5:      layout_basic, uniq_edmund

Skill      XL: |  1  2  3  4  5 |
---------------+----------------+-----
Earth Magic    | 3 4 |  4.7
Stealth        | 2 |  2.4
Dodging        | 2 |  2.2
Spellcasting   | 3 4 |  4.2
Fighting       | |  0.3
Short Blades   | |  0.3
Transmutations | |  0.8

Action                     |  1- 3 |  4- 6 || total
---------------------------+-------+-------++-------
  Melee: Unarmed           |     1 |       ||     1
         Dagger            |    13 |    13 ||    26
         Headbutt          |       |     2 ||     2
   Cast: Sandblast         |    59 |    69 ||   128
    Use: Scroll            |     4 |       ||     4
   Stab: Sleeping          |     4 |     1 ||     5
 Armour: Robe              |     7 |    11 ||    18
  Dodge: Dodged            |    27 |    51 ||    78
